[ AOE2 MATCH · #467750666 ]
UnrankedPersians vs Persians
[ REPLAY ANALYSIS · EXTRACTED FROM THE RECORDED GAME ]
Feudal
10:56
Castle
19:01
Imperial
—
| APM avg | 11.2 |
| APM peak | 25 |
| eAPM avg | 8.5 |
| Villagers / military | 50 / 1 |
Focus
⚔️ 16.7% · 🌾 83.3%
Mangonel ×1
Feudal
10:48
Castle
19:36
Imperial
—
| APM avg | 17.5 |
| APM peak | 55 |
| eAPM avg | 12.0 |
| Villagers / military | 73 / 2 |
Focus
⚔️ 4.9% · 🌾 95.1%
War Elephant ×2
Feudal
12:14
Castle
21:17
Imperial
—
| APM avg | 9.4 |
| APM peak | 32 |
| eAPM avg | 5.7 |
| Villagers / military | 52 / 2 |
Focus
⚔️ 6.8% · 🌾 93.2%
Knight ×2
Feudal
12:01
Castle
18:05
Imperial
—
| APM avg | 30.5 |
| APM peak | 80 |
| eAPM avg | 11.3 |
| Villagers / military | 48 / 7 |
Focus
⚔️ 16.4% · 🌾 83.6%
Scout Cavalry ×3 · Flemish Militia ×3 · Mangonel ×1
Feudal
12:08
Castle
16:54
Imperial
—
| APM avg | 28.0 |
| APM peak | 58 |
| eAPM avg | 13.2 |
| Villagers / military | 74 / 12 |
Focus
⚔️ 22.6% · 🌾 77.4%
Hussite Wagon ×5 · Spearman ×4 · Petard ×3
Feudal
10:19
Castle
15:32
Imperial
—
| APM avg | 32.3 |
| APM peak | 70 |
| eAPM avg | 13.8 |
| Villagers / military | 76 / 3 |
Focus
⚔️ 9.9% · 🌾 90.1%
Ghulam ×3
Feudal
9:22
Castle
23:33
Imperial
—
| APM avg | 20.3 |
| APM peak | 47 |
| eAPM avg | 10.4 |
| Villagers / military | 50 / 0 |
Focus
⚔️ 15.0% · 🌾 85.0%
Feudal
10:51
Castle
22:01
Imperial
—
| APM avg | 24.0 |
| APM peak | 57 |
| eAPM avg | 11.8 |
| Villagers / military | 59 / 0 |
Focus
⚔️ 12.5% · 🌾 87.5%
Match map
Initial resources + every placement click. Lines = walls · curves = elevation contours. ◆ gold · ⬟ stone · ● berries · ✦ relic · ◌ wall gap
Your base· ✓ Closed at 19:01 · 1t walls · 2 gate(s)
Swario Bambino III's base· ✓ Closed at 19:36 · 0t walls · 3 gate(s)
sentoginerzarra's base· ✓ Closed at 21:17 · 0t walls · 3 gate(s)
Erics_Pixels's base· ✓ Closed at 18:05 · 0t walls · 2 gate(s)
fearthebeard007's base· ✓ Closed at 16:54 · 0t walls · 2 gate(s)
LaEle's base· ✓ Closed at 15:32 · 0t walls · 3 gate(s)
Not Jazz's base· ✓ Closed at 23:33 · 0t walls · 3 gate(s)
M0rT1nh0's base· ✓ Closed at 22:01 · 5t walls · 2 gate(s)
Smoothed initial terrain · ◌ = detected wall gap · hover for details
Inputs per minute
— Matcauthon77 - - Swario Bambino III
Build order — Matcauthon77
89 actions detected in the replay
| 0:03 | Create | Villager (Male) |
| 0:03 | Create | Villager (Male) |
| 0:04 | Create | Villager (Male) |
| 0:04 | Create | Villager (Male) |
| 0:05 | Create | Villager (Male) |
| 0:06 | Build | House |
| 0:08 | Build | House |
| 0:09 | Build | House |
| 1:31 | Create | Villager (Male) |
| 1:53 | Build | Mill |
| 2:11 | Create | Villager (Male) |
| 2:45 | Create | Villager (Male) |
| 2:58 | Create | Villager (Male) |
| 3:18 | Create | Villager (Male) |
| 3:42 | Create | Villager (Male) |
| 4:10 | Create | Villager (Male) |
| 4:14 | Create | Villager (Male) |
| 4:22 | Build | Lumber Camp |
| 4:57 | Create | Villager (Male) |
| 5:21 | Create | Villager (Male) |
| 5:45 | Build | House |
| 5:49 | Create | Villager (Male) |
| 6:16 | Create | Villager (Male) |
| 6:38 | Create | Villager (Male) |
| 6:57 | Create | Villager (Male) |
| 7:03 | Build | House |
| 7:10 | Build | House |
| 8:49 | Create | Villager (Male) |
| 8:52 | Research | Feudal Age |
| 9:21 | Create | Villager (Male) |
| 10:21 | Create | Villager (Male) |
| 10:24 | Build | Mining Camp |
| 10:52 | Build | Lumber Camp |
| 10:56 | Age | Feudal Age |
| 11:13 | Create | Villager (Male) |
| 11:24 | Build | Farm |
| 11:25 | Research | Double-Bit Axe |
| 11:27 | Research | Horse Collar |
| 11:52 | Create | Villager (Male) |
| 12:15 | Create | Villager (Male) |
| 12:38 | Build | Mining Camp |
| 12:45 | Create | Villager (Male) |
| 12:49 | Build | Farm |
| 13:05 | Build | Watch Tower |
| 13:23 | Build | Stone Wall |
| 13:35 | Build | Watch Tower |
| 13:48 | Create | Villager (Male) |
| 13:52 | Build | Blacksmith |
| 13:57 | Build | Farm |
| 13:59 | Build | Farm |
| 14:16 | Research | Fletching |
| 14:26 | Build | Farm |
| 14:42 | Research | Gold Mining |
| 15:20 | Create | Villager (Male) |
| 15:33 | Build | Market |
| 16:13 | Build | House |
| 16:35 | Research | Castle Age |
| 16:52 | Build | Barracks |
| 17:05 | Research | Stone Mining |
| 17:52 | Build | Lumber Camp |
| 17:58 | Create | Villager (Male) |
| 18:07 | Build | Farm |
| 19:01 | Age | Castle Age |
| 20:09 | Build | Farm |
| 20:11 | Create | Villager (Male) ×5 |
| 20:25 | Build | Castle |
| 20:32 | Build | Stable |
| 20:34 | Build | Siege Workshop |
| 20:43 | Create | Villager (Male) |
| 20:52 | Build | Farm |
| 20:54 | Create | Villager (Male) |
| 21:00 | Build | Farm |
| 21:05 | Build | Town Center |
| 21:47 | Create | Villager (Male) |
| 21:58 | Build | Stone Wall |
| 22:33 | Research | Wheelbarrow |
| 22:34 | Create | Villager (Male) |
| 22:37 | Create | Villager (Male) |
| 22:44 | Build | Stone Wall |
| 23:12 | Create | Mangonel |
| 23:20 | Research | Loom |
| 23:22 | Create | Villager (Male) ×5 |
| 24:48 | Create | Villager (Male) |
| 24:49 | Create | Villager (Male) |
| 24:49 | Create | Villager (Male) |
| 24:49 | Create | Villager (Male) |
| 24:50 | Create | Villager (Male) |
| 24:50 | Create | Villager (Male) |
| 24:58 | Build | Town Center |
Build order — Swario Bambino III
147 actions detected in the replay
| 0:01 | Create | Villager (Male) |
| 0:04 | Build | House |
| 0:05 | Build | House |
| 0:17 | Create | Villager (Male) |
| 0:35 | Create | Villager (Male) |
| 0:42 | Create | Villager (Male) |
| 0:52 | Create | Villager (Male) |
| 1:42 | Create | Villager (Male) |
| 2:02 | Create | Villager (Male) |
| 2:14 | Create | Villager (Male) |
| 2:54 | Build | Lumber Camp |
| 3:18 | Create | Villager (Male) |
| 3:19 | Create | Villager (Male) |
| 3:48 | Build | House |
| 3:49 | Build | House |
| 4:02 | Build | Mill |
| 4:15 | Create | Villager (Male) |
| 4:41 | Create | Villager (Male) |
| 4:49 | Create | Villager (Male) |
| 5:26 | Create | Villager (Male) |
| 5:40 | Create | Villager (Male) |
| 6:13 | Create | Villager (Male) |
| 6:28 | Create | Villager (Male) |
| 6:57 | Create | Villager (Male) |
| 7:33 | Create | Villager (Male) |
| 7:51 | Create | Villager (Male) |
| 8:12 | Create | Villager (Male) |
| 8:39 | Research | Feudal Age |
| 8:47 | Build | Mining Camp |
| 9:55 | Create | Villager (Male) |
| 10:08 | Build | House |
| 10:10 | Build | House |
| 10:13 | Build | House |
| 10:14 | Build | House |
| 10:48 | Age | Feudal Age |
| 10:54 | Build | Market |
| 10:56 | Build | Blacksmith |
| 11:02 | Create | Villager (Male) |
| 11:13 | Build | Farm |
| 11:13 | Create | Villager (Male) |
| 11:34 | Research | Horse Collar |
| 11:43 | Create | Villager (Male) |
| 12:03 | Create | Villager (Male) |
| 12:19 | Build | Farm |
| 12:21 | Build | Farm |
| 12:30 | Create | Villager (Male) |
| 12:49 | Build | Farm |
| 12:52 | Build | Farm |
| 12:56 | Create | Villager (Male) |
| 12:59 | Create | Villager (Male) |
| 13:19 | Build | Farm |
| 13:24 | Build | Farm |
| 13:30 | Build | Farm |
| 13:36 | Build | Farm |
| 13:37 | Create | Villager (Male) |
| 13:38 | Create | Villager (Male) |
| 13:48 | Build | Farm |
| 13:52 | Create | Villager (Male) |
| 14:02 | Build | Farm |
| 14:14 | Build | Mining Camp |
| 14:26 | Build | Farm |
| 14:29 | Create | Villager (Male) |
| 14:40 | Research | Double-Bit Axe |
| 14:58 | Create | Villager (Male) |
| 15:09 | Build | Farm |
| 15:12 | Create | Villager (Male) |
| 15:26 | Build | Farm |
| 15:27 | Build | Farm |
| 15:43 | Create | Villager (Male) |
| 15:45 | Create | Villager (Male) |
| 15:45 | Research | Loom |
| 15:48 | Build | Farm |
| 15:57 | Build | Farm |
| 16:05 | Research | Loom |
| 16:13 | Build | Farm |
| 16:18 | Build | Farm |
| 16:18 | Build | Farm |
| 17:10 | Research | Castle Age |
| 17:26 | Create | Villager (Male) |
| 17:35 | Research | Gold Mining |
| 18:33 | Build | Barracks |
| 18:53 | Create | Villager (Male) |
| 19:36 | Age | Castle Age |
| 19:49 | Create | Villager (Male) |
| 19:58 | Build | Town Center |
| 20:09 | Build | Town Center |
| 20:22 | Research | Gold Shaft Mining |
| 20:24 | Research | Stone Mining |
| 20:26 | Create | Villager (Male) |
| 20:27 | Create | Villager (Male) |
| 20:43 | Create | Villager (Male) |
| 20:43 | Create | Villager (Male) |
| 21:03 | Build | House |
| 21:04 | Build | House |
| 21:06 | Build | House |
| 21:08 | Build | House |
| 21:09 | Build | House |
| 21:10 | Build | House |
| 21:12 | Build | House |
| 21:14 | Build | House |
| 21:15 | Build | House |
| 21:16 | Build | House |
| 21:18 | Create | Villager (Male) |
| 21:19 | Create | Villager (Male) |
| 21:37 | Create | Villager (Male) |
| 21:39 | Research | Wheelbarrow |
| 21:39 | Research | Town Watch |
| 21:55 | Create | Villager (Male) |
| 22:41 | Build | Castle |
| 22:52 | Build | Stone Wall |
| 22:53 | Build | Gate |
| 22:58 | Create | Villager (Male) |
| 23:02 | Create | Villager (Male) |
| 23:02 | Create | Villager (Male) |
| 23:03 | Create | Villager (Male) |
| 23:03 | Create | Villager (Male) |
| 23:04 | Create | Villager (Male) |
| 23:15 | Build | Farm |
| 23:16 | Build | Farm |
| 23:16 | Build | Farm |
| 23:16 | Build | Farm |
| 23:16 | Build | Farm |
| 23:17 | Build | Farm |
| 23:17 | Build | Farm |
| 23:18 | Build | Farm |
| 23:25 | Create | Villager (Male) |
| 23:25 | Create | Villager (Male) |
| 23:25 | Create | Villager (Male) |
| 23:25 | Create | Villager (Male) |
| 24:28 | Create | War Elephant |
| 24:41 | Build | Stone Wall |
| 24:42 | Create | Villager (Male) |
| 24:42 | Create | Villager (Male) |
| 24:42 | Create | Villager (Male) |
| 24:43 | Create | Villager (Male) |
| 24:43 | Create | Villager (Male) |
| 24:43 | Create | Villager (Male) |
| 24:43 | Create | Villager (Male) |
| 24:44 | Create | Villager (Male) |
| 24:44 | Create | Villager (Male) |
| 24:44 | Create | Villager (Male) |
| 25:32 | Create | War Elephant |
| 25:51 | Create | Villager (Male) |
| 25:52 | Create | Villager (Male) |
| 25:52 | Create | Villager (Male) |
| 25:53 | Create | Villager (Male) |
| 25:53 | Create | Villager (Male) |
Build order — sentoginerzarra
104 actions detected in the replay
| 0:01 | Create | Villager (Male) |
| 0:02 | Create | Villager (Male) |
| 0:02 | Create | Villager (Male) |
| 0:02 | Create | Villager (Male) |
| 0:03 | Create | Villager (Male) |
| 0:05 | Build | House |
| 0:07 | Build | House |
| 0:08 | Build | House |
| 0:24 | Research | Loom |
| 1:35 | Create | Villager (Male) |
| 2:14 | Create | Villager (Male) |
| 2:39 | Build | Lumber Camp |
| 2:52 | Create | Villager (Male) |
| 2:52 | Create | Villager (Male) |
| 3:22 | Create | Villager (Male) |
| 3:40 | Create | Villager (Male) |
| 4:24 | Create | Villager (Male) |
| 4:50 | Build | Mill |
| 4:58 | Create | Villager (Male) |
| 4:58 | Create | Villager (Male) |
| 5:27 | Create | Villager (Male) |
| 5:33 | Build | House |
| 5:34 | Build | House |
| 5:36 | Build | House |
| 5:53 | Create | Villager (Male) |
| 6:23 | Create | Villager (Male) |
| 6:24 | Create | Villager (Male) |
| 7:28 | Build | Barracks |
| 7:32 | Create | Villager (Male) |
| 7:50 | Create | Villager (Male) |
| 8:20 | Create | Villager (Male) |
| 8:30 | Build | Mining Camp |
| 8:45 | Create | Villager (Male) |
| 9:02 | Create | Villager (Male) |
| 9:24 | Build | Mining Camp |
| 9:38 | Create | Villager (Male) |
| 9:51 | Research | Feudal Age |
| 10:05 | Build | Mill |
| 10:37 | Build | Mill |
| 12:14 | Age | Feudal Age |
| 12:15 | Research | Wheelbarrow |
| 12:20 | Research | Double-Bit Axe |
| 12:24 | Research | Stone Mining |
| 12:29 | Research | Gold Mining |
| 12:36 | Create | Villager (Male) |
| 12:48 | Create | Villager (Male) |
| 13:20 | Create | Villager (Male) |
| 14:08 | Create | Villager (Male) |
| 14:27 | Build | House |
| 14:29 | Build | House |
| 14:31 | Build | House |
| 14:37 | Create | Villager (Male) |
| 14:59 | Build | Farm |
| 15:02 | Build | Farm |
| 15:04 | Build | Farm |
| 15:07 | Build | Farm |
| 15:16 | Build | Farm |
| 15:17 | Create | Villager (Male) |
| 15:18 | Create | Villager (Male) |
| 15:39 | Create | Villager (Male) |
| 16:08 | Create | Villager (Male) |
| 16:32 | Build | Farm |
| 16:36 | Build | Farm |
| 16:40 | Build | Farm |
| 16:43 | Build | Farm |
| 16:46 | Create | Villager (Male) |
| 17:20 | Build | Blacksmith |
| 17:24 | Create | Villager (Male) |
| 17:44 | Create | Villager (Male) |
| 18:03 | Build | Market |
| 18:37 | Research | Castle Age |
| 19:03 | Build | Stable |
| 19:13 | Build | Stable |
| 19:20 | Research | Forging |
| 19:21 | Research | Scale Barding Armor |
| 21:17 | Age | Castle Age |
| 21:20 | Build | Castle |
| 21:29 | Build | Town Center |
| 21:37 | Build | Town Center |
| 21:41 | Research | Hand Cart |
| 21:45 | Research | Bow Saw |
| 21:53 | Create | Knight |
| 21:54 | Create | Knight |
| 22:02 | Create | Villager (Male) |
| 22:08 | Create | Villager (Male) |
| 22:48 | Create | Villager (Male) |
| 22:48 | Create | Villager (Male) |
| 22:57 | Build | Lumber Camp |
| 23:07 | Build | Lumber Camp |
| 23:08 | Create | Villager (Male) |
| 23:09 | Create | Villager (Male) |
| 23:42 | Build | Lumber Camp |
| 23:44 | Create | Villager (Male) |
| 23:46 | Create | Villager (Male) |
| 23:48 | Create | Villager (Male) |
| 24:11 | Create | Villager (Male) |
| 24:12 | Create | Villager (Male) |
| 24:15 | Create | Villager (Male) |
| 24:25 | Build | Monastery |
| 24:30 | Build | University |
| 24:45 | Create | Villager (Male) |
| 24:52 | Create | Villager (Male) |
| 24:58 | Create | Villager (Male) |
| 25:01 | Create | Villager (Male) |
Build order — Erics_Pixels
112 actions detected in the replay
| 0:02 | Create | Villager (Male) |
| 0:02 | Create | Villager (Male) |
| 0:03 | Build | House |
| 0:04 | Build | House |
| 0:21 | Create | Villager (Male) |
| 0:21 | Create | Villager (Male) |
| 1:39 | Create | Villager (Male) |
| 2:00 | Build | Lumber Camp |
| 2:08 | Create | Villager (Male) |
| 2:22 | Create | Villager (Male) |
| 2:54 | Create | Villager (Male) |
| 3:21 | Create | Villager (Male) |
| 4:00 | Build | House |
| 4:04 | Create | Villager (Male) |
| 4:05 | Create | Villager (Male) |
| 4:36 | Create | Villager (Male) |
| 5:17 | Create | Villager (Male) |
| 5:27 | Create | Villager (Male) |
| 5:47 | Research | Double-Bit Axe |
| 6:26 | Create | Villager (Male) |
| 6:26 | Create | Villager (Male) |
| 7:13 | Create | Villager (Male) |
| 7:19 | Research | Loom |
| 7:23 | Build | House |
| 7:43 | Build | Mill |
| 8:11 | Create | Villager (Male) |
| 8:11 | Create | Villager (Male) |
| 8:49 | Build | Mining Camp |
| 8:53 | Create | Villager (Male) |
| 9:10 | Create | Villager (Male) |
| 9:31 | Research | Feudal Age |
| 9:57 | Build | House |
| 9:58 | Build | House |
| 10:11 | Build | House |
| 10:13 | Build | House |
| 10:14 | Build | House |
| 10:19 | Build | Mining Camp |
| 11:02 | Create | Villager (Male) |
| 11:02 | Create | Villager (Male) |
| 11:20 | Build | Farm |
| 11:20 | Build | Farm |
| 11:20 | Build | Farm |
| 11:21 | Build | Farm |
| 11:21 | Build | Farm |
| 11:21 | Build | Farm |
| 11:21 | Build | Farm |
| 11:24 | Create | Villager (Male) |
| 11:50 | Build | Farm |
| 11:50 | Build | Farm |
| 11:59 | Research | Horse Collar |
| 12:01 | Age | Feudal Age |
| 12:58 | Build | Blacksmith |
| 13:03 | Create | Villager (Male) |
| 13:15 | Create | Villager (Male) |
| 13:59 | Build | Market |
| 14:09 | Create | Villager (Male) |
| 15:26 | Research | Castle Age |
| 15:42 | Build | Barracks |
| 16:47 | Build | Stable |
| 16:49 | Build | Stable |
| 17:24 | Create | Scout Cavalry |
| 17:24 | Create | Scout Cavalry |
| 17:24 | Create | Scout Cavalry |
| 17:28 | Create | Flemish Militia |
| 17:28 | Create | Flemish Militia |
| 17:28 | Create | Flemish Militia |
| 17:37 | Research | Forging |
| 17:57 | Research | Fletching |
| 18:03 | Create | Villager (Male) |
| 18:03 | Create | Villager (Male) |
| 18:05 | Age | Castle Age |
| 19:19 | Build | Castle |
| 19:45 | Build | Siege Workshop |
| 19:54 | Build | Town Center |
| 19:59 | Create | Villager (Male) |
| 19:59 | Create | Villager (Male) |
| 20:19 | Create | Villager (Male) |
| 20:20 | Create | Villager (Male) |
| 20:20 | Create | Villager (Male) |
| 20:20 | Create | Villager (Male) |
| 20:20 | Create | Villager (Male) |
| 20:49 | Create | Villager (Male) |
| 20:49 | Create | Villager (Male) |
| 21:06 | Research | Bodkin Arrow |
| 21:28 | Research | Stone Mining |
| 21:41 | Build | University |
| 21:51 | Create | Villager (Male) |
| 21:51 | Create | Villager (Male) |
| 22:18 | Research | Bow Saw |
| 23:10 | Create | Mangonel |
| 23:27 | Create | Villager (Male) |
| 23:27 | Create | Villager (Male) |
| 23:28 | Create | Villager (Male) |
| 23:33 | Create | Villager (Male) |
| 23:37 | Build | Farm |
| 23:37 | Build | Farm |
| 23:37 | Build | Farm |
| 23:38 | Build | Farm |
| 23:48 | Create | Villager (Male) |
| 24:43 | Build | Castle |
| 24:53 | Create | Villager (Male) |
| 24:53 | Create | Villager (Male) |
| 24:53 | Create | Villager (Male) |
| 24:56 | Build | Farm |
| 24:57 | Build | Farm |
| 24:57 | Build | Farm |
| 24:57 | Build | Farm |
| 24:57 | Build | Farm |
| 24:58 | Build | Farm |
| 25:18 | Build | Castle |
| 25:30 | Build | Castle |
| 25:43 | Build | Lumber Camp |
Build order — fearthebeard007
148 actions detected in the replay
| 0:02 | Create | Villager (Male) |
| 0:04 | Build | House |
| 0:06 | Build | House |
| 0:10 | Create | Villager (Male) |
| 0:10 | Create | Villager (Male) |
| 0:10 | Create | Villager (Male) |
| 1:31 | Create | Villager (Male) |
| 1:32 | Create | Villager (Male) |
| 2:02 | Create | Villager (Male) |
| 2:13 | Create | Villager (Male) |
| 2:13 | Create | Villager (Male) |
| 2:51 | Build | Lumber Camp |
| 3:04 | Create | Villager (Male) |
| 3:04 | Create | Villager (Male) |
| 3:33 | Create | Villager (Male) |
| 4:02 | Create | Villager (Male) |
| 4:42 | Build | House |
| 4:43 | Build | House |
| 4:44 | Build | House |
| 4:50 | Create | Villager (Male) |
| 4:58 | Research | Loom |
| 4:58 | Create | Villager (Male) |
| 5:07 | Create | Villager (Male) |
| 5:07 | Create | Villager (Male) |
| 5:32 | Create | Villager (Male) |
| 5:32 | Create | Villager (Male) |
| 5:33 | Create | Villager (Male) |
| 5:41 | Build | House |
| 6:57 | Create | Villager (Male) |
| 6:58 | Create | Villager (Male) |
| 6:58 | Create | Villager (Male) |
| 6:58 | Create | Villager (Male) |
| 6:59 | Create | Villager (Male) |
| 7:31 | Create | Villager (Male) |
| 7:31 | Create | Villager (Male) |
| 8:48 | Create | Villager (Male) |
| 8:49 | Create | Villager (Male) |
| 8:49 | Create | Villager (Male) |
| 8:49 | Create | Villager (Male) |
| 8:50 | Create | Villager (Male) |
| 8:50 | Create | Villager (Male) |
| 8:53 | Build | Mill |
| 9:30 | Create | Villager (Male) |
| 9:31 | Create | Villager (Male) |
| 9:45 | Research | Feudal Age |
| 9:53 | Create | Villager (Male) |
| 9:53 | Create | Villager (Male) |
| 9:53 | Create | Villager (Male) |
| 10:07 | Build | Mining Camp |
| 10:15 | Build | Lumber Camp |
| 10:29 | Create | Villager (Male) |
| 10:29 | Create | Villager (Male) |
| 10:37 | Create | Villager (Male) |
| 10:50 | Create | Villager (Male) |
| 10:50 | Create | Villager (Male) |
| 10:50 | Create | Villager (Male) |
| 11:02 | Build | Farm |
| 11:03 | Build | Farm |
| 11:04 | Build | Farm |
| 12:08 | Age | Feudal Age |
| 12:11 | Build | Blacksmith |
| 12:18 | Build | Market |
| 12:25 | Research | Double-Bit Axe |
| 12:45 | Build | House |
| 12:46 | Build | House |
| 12:47 | Build | House |
| 12:59 | Build | Farm |
| 13:23 | Build | Farm |
| 13:31 | Build | Farm |
| 13:33 | Create | Villager (Male) |
| 13:43 | Build | House |
| 13:56 | Build | Farm |
| 14:11 | Research | Castle Age |
| 14:18 | Build | Mining Camp |
| 14:54 | Build | Farm |
| 15:03 | Build | House |
| 15:37 | Build | Barracks |
| 16:35 | Build | House |
| 16:54 | Age | Castle Age |
| 17:11 | Research | Bow Saw |
| 17:11 | Research | Horse Collar |
| 17:14 | Create | Villager (Male) |
| 17:14 | Create | Villager (Male) |
| 17:33 | Build | Palisade Wall |
| 17:35 | Build | Palisade Wall |
| 17:37 | Build | Palisade Wall |
| 17:42 | Create | Spearman |
| 17:43 | Create | Spearman |
| 17:54 | Build | Town Center |
| 18:05 | Create | Spearman |
| 18:05 | Create | Spearman |
| 18:18 | Create | Villager (Male) |
| 18:18 | Create | Villager (Male) |
| 18:19 | Create | Villager (Male) |
| 18:28 | Create | Villager (Male) |
| 18:53 | Build | Castle |
| 19:07 | Create | Villager (Male) |
| 19:07 | Create | Villager (Male) |
| 19:25 | Create | Villager (Male) |
| 19:31 | Build | Town Center |
| 19:47 | Create | Villager (Male) |
| 19:47 | Create | Villager (Male) |
| 20:12 | Build | Mining Camp |
| 20:18 | Research | Fletching |
| 20:28 | Build | Farm |
| 20:34 | Create | Villager (Male) |
| 20:38 | Create | Hussite Wagon |
| 20:38 | Create | Hussite Wagon |
| 20:48 | Create | Hussite Wagon |
| 20:49 | Create | Hussite Wagon |
| 21:02 | Create | Villager (Male) |
| 21:25 | Create | Petard |
| 21:39 | Create | Villager (Male) |
| 21:39 | Create | Villager (Male) |
| 21:48 | Build | Farm |
| 21:48 | Build | Farm |
| 21:49 | Build | Farm |
| 21:49 | Build | Farm |
| 21:49 | Build | Farm |
| 21:49 | Build | Farm |
| 21:50 | Build | Farm |
| 21:50 | Build | Farm |
| 21:51 | Create | Villager (Male) |
| 21:51 | Create | Villager (Male) |
| 22:36 | Create | Petard |
| 22:36 | Create | Petard |
| 23:11 | Create | Villager (Male) |
| 23:11 | Create | Villager (Male) |
| 23:11 | Create | Villager (Male) |
| 23:19 | Build | Town Center |
| 23:31 | Create | Villager (Male) |
| 23:43 | Create | Villager (Male) |
| 24:52 | Create | Villager (Male) |
| 24:53 | Create | Villager (Male) |
| 24:53 | Create | Villager (Male) |
| 24:53 | Create | Villager (Male) |
| 24:55 | Create | Villager (Male) |
| 24:55 | Create | Villager (Male) |
| 25:20 | Build | Farm |
| 25:20 | Build | Farm |
| 25:20 | Build | Farm |
| 25:21 | Build | Farm |
| 25:21 | Build | Farm |
| 25:21 | Build | Farm |
| 25:22 | Build | Farm |
| 25:22 | Build | Farm |
| 25:29 | Create | Villager (Male) |
| 25:39 | Create | Hussite Wagon |
Build order — LaEle
142 actions detected in the replay
| 0:02 | Create | Villager (Male) |
| 0:03 | Create | Villager (Male) |
| 0:03 | Create | Villager (Male) |
| 0:03 | Create | Villager (Male) |
| 0:03 | Create | Villager (Male) |
| 0:06 | Build | House |
| 0:08 | Build | House |
| 1:19 | Create | Villager (Male) |
| 1:36 | Create | Villager (Male) |
| 1:50 | Build | Lumber Camp |
| 2:14 | Create | Villager (Male) |
| 2:25 | Create | Villager (Male) |
| 3:24 | Create | Villager (Male) |
| 3:32 | Build | House |
| 3:37 | Create | Villager (Male) |
| 4:00 | Build | Mill |
| 4:06 | Create | Villager (Male) |
| 4:24 | Create | Villager (Male) |
| 4:38 | Create | Villager (Male) |
| 4:53 | Create | Villager (Male) |
| 5:19 | Create | Villager (Male) |
| 5:36 | Create | Villager (Male) |
| 5:54 | Create | Villager (Male) |
| 6:06 | Build | House |
| 6:15 | Create | Villager (Male) |
| 6:21 | Create | Villager (Male) |
| 6:23 | Build | Farm |
| 6:37 | Create | Villager (Male) |
| 6:51 | Build | House |
| 7:35 | Build | Mining Camp |
| 8:09 | Research | Feudal Age |
| 8:23 | Build | Farm |
| 9:40 | Create | Villager (Male) |
| 9:41 | Create | Villager (Male) |
| 9:42 | Create | Villager (Male) |
| 10:02 | Build | Lumber Camp |
| 10:11 | Build | Mining Camp |
| 10:19 | Age | Feudal Age |
| 10:21 | Create | Villager (Male) |
| 10:21 | Create | Villager (Male) |
| 10:22 | Create | Villager (Male) |
| 10:22 | Create | Villager (Male) |
| 10:23 | Create | Villager (Male) |
| 10:29 | Build | Market |
| 11:24 | Build | Blacksmith |
| 11:39 | Build | Farm |
| 11:48 | Build | Farm |
| 12:09 | Build | Farm |
| 12:13 | Build | Farm |
| 12:53 | Research | Castle Age |
| 12:55 | Build | Mining Camp |
| 13:10 | Build | Farm |
| 14:00 | Research | Double-Bit Axe |
| 14:44 | Research | Stone Mining |
| 15:05 | Create | Villager (Male) |
| 15:05 | Create | Villager (Male) |
| 15:06 | Create | Villager (Male) |
| 15:10 | Build | House |
| 15:32 | Age | Castle Age |
| 15:36 | Build | Town Center |
| 15:46 | Build | Town Center |
| 16:22 | Create | Villager (Male) |
| 16:22 | Create | Villager (Male) |
| 16:33 | Build | House |
| 16:47 | Research | Gold Mining |
| 16:57 | Create | Villager (Male) |
| 17:18 | Research | Bow Saw |
| 17:59 | Create | Villager (Male) |
| 17:59 | Create | Villager (Male) |
| 18:00 | Create | Villager (Male) |
| 18:00 | Create | Villager (Male) |
| 18:13 | Build | Farm |
| 18:14 | Build | Farm |
| 18:23 | Create | Villager (Male) |
| 18:28 | Build | Farm |
| 18:36 | Create | Villager (Male) |
| 18:36 | Create | Villager (Male) |
| 18:37 | Create | Villager (Male) |
| 18:37 | Create | Villager (Male) |
| 18:58 | Build | Castle |
| 19:01 | Create | Villager (Male) |
| 19:02 | Create | Villager (Male) |
| 19:02 | Create | Villager (Male) |
| 19:04 | Create | Villager (Male) |
| 19:04 | Create | Villager (Male) |
| 19:24 | Build | Farm |
| 19:27 | Build | Farm |
| 19:32 | Build | Farm |
| 19:37 | Build | Farm |
| 20:29 | Create | Villager (Male) |
| 20:29 | Create | Villager (Male) |
| 20:29 | Create | Villager (Male) |
| 20:34 | Build | House |
| 20:35 | Build | House |
| 21:15 | Create | Villager (Male) |
| 21:15 | Create | Villager (Male) |
| 21:22 | Research | Wheelbarrow |
| 21:24 | Create | Villager (Male) |
| 21:24 | Create | Villager (Male) |
| 21:28 | Build | Farm |
| 21:29 | Build | Farm |
| 21:43 | Build | House |
| 21:45 | Build | House |
| 22:00 | Create | Villager (Male) |
| 22:00 | Create | Villager (Male) |
| 22:05 | Build | Farm |
| 22:08 | Create | Villager (Male) |
| 22:08 | Create | Villager (Male) |
| 22:10 | Build | Farm |
| 22:15 | Build | Farm |
| 22:18 | Build | Farm |
| 22:19 | Build | Farm |
| 22:20 | Build | Farm |
| 22:22 | Create | Villager (Male) |
| 22:24 | Build | Farm |
| 22:42 | Build | Stone Wall |
| 22:48 | Create | Ghulam |
| 22:48 | Create | Ghulam |
| 22:49 | Create | Ghulam |
| 22:55 | Create | Villager (Male) |
| 22:56 | Create | Villager (Male) |
| 22:56 | Create | Villager (Male) |
| 23:00 | Create | Villager (Male) |
| 23:00 | Create | Villager (Male) |
| 23:00 | Create | Villager (Male) |
| 23:16 | Build | Castle |
| 23:52 | Research | Hand Cart |
| 23:57 | Build | Farm |
| 23:58 | Build | Farm |
| 24:02 | Research | Horse Collar |
| 24:04 | Create | Villager (Male) |
| 24:04 | Create | Villager (Male) |
| 24:18 | Create | Villager (Male) |
| 24:18 | Create | Villager (Male) |
| 24:25 | Create | Villager (Male) |
| 24:25 | Create | Villager (Male) |
| 24:41 | Research | Gold Shaft Mining |
| 25:05 | Build | Mining Camp |
| 25:16 | Build | Siege Workshop |
| 25:37 | Create | Villager (Male) |
| 25:38 | Create | Villager (Male) |
| 25:38 | Create | Villager (Male) |
Build order — Not Jazz
107 actions detected in the replay
| 0:01 | Create | Villager (Male) |
| 0:02 | Create | Villager (Male) |
| 0:02 | Create | Villager (Male) |
| 0:03 | Build | House |
| 0:05 | Build | House |
| 0:05 | Create | Villager (Male) |
| 0:06 | Create | Villager (Male) |
| 1:26 | Create | Villager (Male) |
| 1:48 | Build | Lumber Camp |
| 2:14 | Create | Villager (Male) |
| 2:17 | Create | Villager (Male) |
| 2:17 | Create | Villager (Male) |
| 2:57 | Create | Villager (Male) |
| 3:14 | Build | House |
| 3:16 | Create | Villager (Male) |
| 4:13 | Create | Villager (Male) |
| 4:13 | Create | Villager (Male) |
| 4:19 | Build | Mill |
| 4:34 | Create | Villager (Male) |
| 4:45 | Create | Villager (Male) |
| 4:46 | Create | Villager (Male) |
| 4:46 | Create | Villager (Male) |
| 5:32 | Create | Villager (Male) |
| 5:44 | Create | Villager (Male) |
| 6:47 | Research | Loom |
| 7:12 | Research | Feudal Age |
| 7:36 | Build | Mining Camp |
| 8:36 | Build | House |
| 8:50 | Create | Villager (Male) |
| 8:50 | Create | Villager (Male) |
| 8:55 | Create | Villager (Male) |
| 9:22 | Age | Feudal Age |
| 9:29 | Build | Watch Tower |
| 9:32 | Create | Villager (Male) |
| 9:32 | Create | Villager (Male) |
| 10:08 | Create | Villager (Male) |
| 10:45 | Create | Villager (Male) |
| 11:02 | Create | Villager (Male) |
| 11:34 | Build | Watch Tower |
| 12:37 | Create | Villager (Male) |
| 12:37 | Create | Villager (Male) |
| 12:42 | Build | House |
| 12:46 | Research | Double-Bit Axe |
| 12:48 | Research | Horse Collar |
| 12:51 | Create | Villager (Male) |
| 12:52 | Create | Villager (Male) |
| 12:57 | Build | House |
| 12:57 | Build | House |
| 14:19 | Create | Villager (Male) |
| 14:19 | Create | Villager (Male) |
| 14:39 | Build | Farm |
| 14:41 | Create | Villager (Male) |
| 15:20 | Build | Watch Tower |
| 15:50 | Build | Lumber Camp |
| 15:58 | Build | Farm |
| 16:00 | Build | Farm |
| 16:01 | Build | Farm |
| 16:10 | Build | Farm |
| 16:13 | Build | Farm |
| 16:14 | Build | Farm |
| 16:15 | Build | Farm |
| 16:16 | Build | Farm |
| 16:19 | Build | Farm |
| 16:23 | Build | Farm |
| 16:26 | Build | Farm |
| 16:31 | Build | Farm |
| 16:34 | Create | Villager (Male) |
| 16:34 | Create | Villager (Male) |
| 17:04 | Build | Mining Camp |
| 17:11 | Create | Villager (Male) |
| 17:32 | Create | Villager (Male) |
| 17:51 | Create | Villager (Male) |
| 18:08 | Build | Blacksmith |
| 18:21 | Build | House |
| 18:25 | Build | House |
| 19:27 | Create | Villager (Male) |
| 19:29 | Create | Villager (Male) |
| 19:34 | Build | Market |
| 19:48 | Create | Villager (Male) |
| 19:52 | Research | Stone Mining |
| 20:10 | Build | Farm |
| 20:13 | Build | Farm |
| 20:20 | Build | Farm |
| 20:53 | Research | Castle Age |
| 21:24 | Build | Lumber Camp |
| 22:29 | Build | Mining Camp |
| 22:44 | Build | House |
| 22:45 | Build | House |
| 22:46 | Build | House |
| 22:47 | Build | House |
| 22:48 | Build | House |
| 22:49 | Build | House |
| 22:58 | Research | Forging |
| 23:12 | Build | Barracks |
| 23:20 | Create | Villager (Male) |
| 23:20 | Create | Villager (Male) |
| 23:25 | Create | Villager (Male) |
| 23:33 | Age | Castle Age |
| 23:40 | Build | Town Center |
| 23:55 | Build | Castle |
| 24:58 | Build | Stable |
| 25:08 | Create | Villager (Male) |
| 25:08 | Create | Villager (Male) |
| 25:11 | Create | Villager (Male) |
| 25:11 | Create | Villager (Male) |
| 25:17 | Create | Villager (Male) |
| 25:40 | Build | Stable |
Build order — M0rT1nh0
114 actions detected in the replay
| 0:01 | Create | Villager (Male) |
| 0:02 | Create | Villager (Male) |
| 0:02 | Create | Villager (Male) |
| 0:04 | Build | House |
| 0:06 | Build | House |
| 0:13 | Create | Villager (Male) |
| 0:14 | Create | Villager (Male) |
| 1:38 | Create | Villager (Male) |
| 1:38 | Create | Villager (Male) |
| 1:52 | Build | Lumber Camp |
| 2:13 | Create | Villager (Male) |
| 2:14 | Create | Villager (Male) |
| 2:22 | Create | Villager (Male) |
| 2:22 | Create | Villager (Male) |
| 2:51 | Create | Villager (Male) |
| 2:51 | Create | Villager (Male) |
| 3:15 | Create | Villager (Male) |
| 3:16 | Create | Villager (Male) |
| 3:32 | Build | House |
| 3:43 | Create | Villager (Male) |
| 3:43 | Create | Villager (Male) |
| 4:12 | Build | Mill |
| 4:29 | Create | Villager (Male) |
| 4:29 | Create | Villager (Male) |
| 5:08 | Create | Villager (Male) |
| 5:08 | Create | Villager (Male) |
| 5:45 | Build | House |
| 5:50 | Create | Villager (Male) |
| 5:50 | Create | Villager (Male) |
| 6:22 | Create | Villager (Male) |
| 6:22 | Create | Villager (Male) |
| 6:39 | Research | Double-Bit Axe |
| 7:01 | Create | Villager (Male) |
| 7:02 | Create | Villager (Male) |
| 7:33 | Create | Villager (Male) |
| 7:34 | Create | Villager (Male) |
| 8:21 | Build | Mining Camp |
| 8:27 | Research | Feudal Age |
| 8:58 | Research | Horse Collar |
| 9:44 | Build | House |
| 9:47 | Build | House |
| 10:18 | Build | House |
| 10:20 | Build | House |
| 10:23 | Build | House |
| 10:26 | Build | House |
| 10:30 | Build | House |
| 10:36 | Build | House |
| 10:51 | Age | Feudal Age |
| 10:53 | Build | Mining Camp |
| 11:11 | Build | Watch Tower |
| 11:25 | Build | Stone Wall |
| 11:32 | Build | Stone Wall |
| 11:46 | Create | Villager (Male) |
| 11:47 | Create | Villager (Male) |
| 12:22 | Build | Blacksmith |
| 13:12 | Build | Watch Tower |
| 13:14 | Create | Villager (Male) |
| 13:22 | Research | Fletching |
| 13:23 | Create | Villager (Male) |
| 13:23 | Create | Villager (Male) |
| 13:40 | Build | Farm |
| 13:41 | Build | Farm |
| 13:42 | Create | Villager (Male) |
| 13:42 | Create | Villager (Male) |
| 14:27 | Build | Farm |
| 14:33 | Create | Villager (Male) |
| 14:34 | Create | Villager (Male) |
| 15:06 | Create | Villager (Male) |
| 15:06 | Create | Villager (Male) |
| 15:09 | Build | Farm |
| 15:11 | Build | Farm |
| 15:13 | Build | Farm |
| 15:14 | Create | Villager (Male) |
| 15:30 | Create | Villager (Male) |
| 15:30 | Create | Villager (Male) |
| 15:38 | Create | Villager (Male) |
| 15:42 | Create | Villager (Male) |
| 15:55 | Build | Farm |
| 15:57 | Build | Farm |
| 15:58 | Create | Villager (Male) |
| 16:38 | Build | Farm |
| 16:49 | Build | Farm |
| 16:52 | Build | Farm |
| 16:56 | Create | Villager (Male) |
| 16:56 | Create | Villager (Male) |
| 17:19 | Build | Farm |
| 17:25 | Build | Farm |
| 17:29 | Build | Farm |
| 17:47 | Build | Farm |
| 17:50 | Build | Farm |
| 17:54 | Build | Farm |
| 17:55 | Create | Villager (Male) |
| 18:37 | Build | Market |
| 18:46 | Research | Bow Saw |
| 18:52 | Create | Villager (Male) |
| 19:21 | Research | Castle Age |
| 19:22 | Research | Castle Age |
| 19:27 | Research | Heavy Plow |
| 19:51 | Research | Stone Mining |
| 21:01 | Research | Loom |
| 22:01 | Age | Castle Age |
| 22:06 | Create | Villager (Male) |
| 22:06 | Create | Villager (Male) |
| 22:52 | Build | Town Center |
| 22:53 | Create | Villager (Male) |
| 23:11 | Create | Villager (Male) |
| 23:13 | Create | Villager (Male) |
| 23:22 | Create | Villager (Male) |
| 23:49 | Build | Castle |
| 24:00 | Build | House |
| 24:12 | Create | Villager (Male) |
| 24:12 | Create | Villager (Male) |
| 24:15 | Build | Farm |
| 24:20 | Create | Villager (Male) |
Match timeline
| 7:28 | sentoginerzarra · first_building Barracks |
| 9:22 | Not Jazz · age_up feudal |
| 10:19 | LaEle · age_up feudal |
| 10:48 | Swario Bambino III · age_up feudal |
| 10:51 | M0rT1nh0 · age_up feudal |
| 10:56 | Matcauthon77 · age_up feudal |
| 11:25 | M0rT1nh0 · wall_segment Stone Wall x4 |
| 11:32 | M0rT1nh0 · wall_segment Stone Wall x1 |
| 12:01 | Erics_Pixels · age_up feudal |
| 12:08 | fearthebeard007 · age_up feudal |
| 12:14 | sentoginerzarra · age_up feudal |
| 13:23 | Matcauthon77 · wall_segment Stone Wall x1 |
| 15:32 | LaEle · age_up castle |
| 15:37 | fearthebeard007 · first_building Barracks |
| 15:42 | Erics_Pixels · first_building Barracks |
| 16:32 | Matcauthon77 · first_market_sell 100 stone |
| 16:33 | Matcauthon77 · first_market_buy 100 food |
| 16:35 | Swario Bambino III · first_market_buy 100 food |
| 16:39 | Swario Bambino III · first_market_sell 100 wood |
| 16:47 | Erics_Pixels · first_building Stable |
| 16:52 | Matcauthon77 · first_building Barracks |
| 16:54 | fearthebeard007 · age_up castle |
| 17:33 | fearthebeard007 · wall_segment Palisade Wall x1 |
| 17:35 | fearthebeard007 · wall_segment Palisade Wall x1 |
| 17:37 | fearthebeard007 · wall_segment Palisade Wall x1 |
| 18:05 | Erics_Pixels · age_up castle |
| 18:33 | Swario Bambino III · first_building Barracks |
| 18:34 | LaEle · first_market_buy 100 food |
| 18:53 | fearthebeard007 · first_building Castle |
| 18:58 | LaEle · first_building Castle |
| 19:01 | Matcauthon77 · age_up castle |
| 19:03 | sentoginerzarra · first_building Stable |
| 19:19 | Erics_Pixels · first_building Castle |
| 19:36 | Swario Bambino III · age_up castle |
| 19:45 | Erics_Pixels · first_building Siege Workshop |
| 20:25 | Matcauthon77 · first_building Castle |
| 20:32 | Matcauthon77 · first_building Stable |
| 20:34 | Matcauthon77 · first_building Siege Workshop |
| 20:47 | Not Jazz · first_market_buy 100 food |
| 21:17 | sentoginerzarra · age_up castle |
| 21:20 | sentoginerzarra · first_building Castle |
| 21:58 | Matcauthon77 · wall_segment Stone Wall x18 |
| 22:01 | M0rT1nh0 · age_up castle |
| 22:41 | Swario Bambino III · first_building Castle |
| 22:42 | LaEle · wall_segment Stone Wall x9 |
| 22:44 | Matcauthon77 · wall_segment Stone Wall x5 |
| 22:52 | Swario Bambino III · wall_segment Stone Wall x5 |
| 23:12 | Not Jazz · first_building Barracks |
| 23:33 | Not Jazz · age_up castle |
| 23:49 | M0rT1nh0 · first_building Castle |
| 23:55 | Not Jazz · first_building Castle |
| 24:25 | sentoginerzarra · first_building Monastery |
| 24:41 | Swario Bambino III · wall_segment Stone Wall x17 |
| 24:56 | M0rT1nh0 · resign |
| 24:58 | Not Jazz · first_building Stable |
| 25:01 | fearthebeard007 · first_market_buy 100 food |
| 25:05 | fearthebeard007 · first_market_sell 100 wood |
| 25:16 | LaEle · first_building Siege Workshop |
[ AI ANALYSIS · 1 CREDIT ]
What really happened in this match?
Wolo.gg analyzes every decision: build order, eco, micro, common mistakes by bracket. Personalized analysis on WhatsApp or Discord in 30 seconds.
Civ guide
Persians
Perfil
Jugador #2997206